 Dungeon Crawl Stone Soup version 0.31-a0-278-g485e682e34 (webtiles) character file.

Game seed: 2800786251639798711

4025 MacCMillion the Grappler (level 10, -6/147 HPs)
             Began as a Troll Shapeshifter on July 16, 2023.
             Was a Believer of Okawaru.
             Killed from afar by an acid dragon (7 damage)
             ... with a splash of acid
             ... on level 8 of the Dungeon.
             The game lasted 00:11:59 (6364 turns).

MacCMillion the Grappler (Troll Shapeshifter)       Turns: 6364, Time: 00:11:59

Health: -6/147     AC: 17    Str: 29    XL:     10   Next: 4%
Magic:  10/10      EV:  1    Int:  4    God:    Okawaru [**....]
Gold:   307        SH:  0    Dex: 16    Spells: 9/9 levels left

rFire   . .          .
                       - Unarmed
rCold   + . .        (no shield)
rNeg    . . .        a - melded +0 animal skin
rPois   +            (helmet currently unavailable)
rElec   .            (cloak currently unavailable)
rCorr   .            (gloves unavailable)
SInv    .            (boots unavailable)
Will    .....        q - amulet of regeneration
Stlth   +            M - +6 ring of dexterity
HPRegen 2.04/turn    H - ring of protection from cold
MPRegen 0.12/turn

%: no passive effects
@: tree-form, corroded, studying Ice Magic
A: stationary, stasis, torment immunity, boosted hp, large, unfitting armour,
(claws 3), regeneration 1, (shaggy fur 1), (tough skin 1)
a: Renounce Religion, Heroism


You were on level 8 of the Dungeon.
You worshipped Okawaru.
Okawaru was pleased with you.
You were a tree.
You visited 2 branches of the dungeon, and saw 9 of its levels.
You also visited: Ossuary.

You collected 307 gold pieces.

Inventory:

Missiles
 y - 3 boomerangs
 E - 17 poisoned darts
 F - 2 throwing nets
Armour
 a - a +0 animal skin (melded)
Jewellery
 q - an amulet of regeneration (around neck)
 r - a ring of positive energy
 x - a ring of flight
 A - a +6 ring of intelligence
 H - a ring of protection from cold (right branch)
 I - a ring of magical power
 M - a +6 ring of dexterity (left branch)
Talismans
 c - a beast talisman
 J - a dragon-blood talisman
Wands
 g - a wand of paralysis (15)
 G - a wand of polymorph (8)
Scrolls
 d - 2 scrolls of immolation {unknown}
 e - 3 scrolls of teleportation {unknown}
 f - 10 scrolls of identify {unknown}
 l - a scroll of acquirement {unknown}
 n - 2 scrolls of fog {unknown}
 p - 2 scrolls of vulnerability {unknown}
 s - 2 scrolls of amnesia {unknown}
 v - a scroll of poison {unknown}
 w - a scroll of fear {unknown}
 B - a scroll of summoning {unknown}
 C - 2 scrolls of brand weapon {unknown}
 L - a scroll of silence {unknown}
Potions
 b - a potion of lignification
 h - 2 potions of enlightenment {unknown}
 i - a potion of haste {unknown}
 j - 5 potions of degeneration {unknown}
 k - a potion of attraction {unknown}
 m - a potion of might {unknown}
 o - 2 potions of invisibility {unknown}
 t - a potion of brilliance {unknown}
 u - 2 potions of cancellation {unknown}
 z - a potion of resistance {unknown}
 D - 2 potions of berserk rage {unknown}
 K - 2 potions of curing {unknown}


   Skills:
 + Level 6.2 Fighting
 - Level 1.6 Dodging
 - Level 10.1 Unarmed Combat
 - Level 2.0 Invocations
 + Level 6.8 Shapeshifting


You had 9 spell levels left.
You didn't know any spells.
Your spell library contained the following spells:

 Spells                   Type           Power      Damage    Failure   Level
 Necrotise                Necr           0%         1d4       50%         1
 Sandblast                Erth           0%         2d4       50%         1
 Ensorcelled Hibernation  Hex/Ice        0%         N/A       65%         2
 Passwall                 Tmut/Erth      0%         N/A       65%         2
 Scorch                   Fire           0%         2d5       65%         2
 Stone Arrow              Conj/Erth      0%         3d7       86%         3
 Swiftness                Air            0%         N/A       86%         3
 Vampiric Draining        Necr           0%         2d6       86%         3
 Volatile Blastmotes      Fire/Tloc      0%         2d10      86%         3
 Flame Wave               Conj/Fire      0%         2d4       99%         4
 Fulminant Prism          Conj/Hex       0%         3d5       99%         4
 Iskenderun's Mystic Bla  Conj/Tloc      0%         2d3       99%         4
 Olgreb's Toxic Radiance  Pois           0%         N/A       99%         4
 Agony                    Necr           0%         N/A       100%        5
 Discord                  Hex            0%         N/A       100%        8
 Ignition                 Fire           0%         3d3       100%        8
 Summon Cactus Giant      Summ           Unusable   N/A       N/A         6

Dungeon Overview and Level Annotations

Branches:
Dungeon (8/15)             Temple (1/1) D:5         Ossuary (visited)
   Lair: D:8-11

Altars:
Ashenzari
Cheibriados
Dithmenos
Elyvilon
Fedhas
Gozag
Hepliaklqana
Kikubaaqudgha
Makhleb
Nemelex Xobeh
Okawaru
Qazlal
Ru
Sif Muna
Trog
Uskayaw
Vehumet
Wu Jian
Xom
Yredelemnul
Zin
The Shining One

Shops:
D:2 (   D:4 *


Innate Abilities, Weirdness & Mutations

You are a tree.
Your roots penetrate the ground, keeping you stationary.
You cannot be teleported.
You are immune to unholy pain and torment.
Your maximum health is greatly increased.
Your equipment is partially melded.
You are too large for most types of armour.
((You have claws for hands.))
Your natural rate of healing is unusually fast.
((You are covered in fur. (AC +1)))
((You have tough skin. (AC +1)))


Message History

The splash of acid hits you!
* * * LOW HITPOINT WARNING * * *
The acid corrodes you!
You barely miss the acid dragon.
The acid dragon is moderately wounded.
A wyvern comes into view.
The acid dragon bites you!
* * * LOW HITPOINT WARNING * * *
The acid dragon claws you.
* * * LOW HITPOINT WARNING * * *
Really quaff the potion of lignification?
Okay, then.
Really quaff the potion of lignification?
Your transformation has ended.
You turn into a tree.
Your +0 animal skin melds into your body.
Your roots penetrate the ground.
The wyvern hisses angrily.
The acid dragon bites you but does no damage.
The acid dragon claws you but does no damage.
You smack the acid dragon!
The acid dragon is heavily wounded.
You hit the acid dragon but do no damage.
The acid dragon is heavily wounded.
The acid dragon bites you but does no damage.
The acid dragon claws you.
* * * LOW HITPOINT WARNING * * *
You hit the acid dragon but do no damage.
Your punch misses the acid dragon.
The acid dragon is heavily wounded.
The acid dragon bites you!
* * * LOW HITPOINT WARNING * * *
The acid dragon claws you but does no damage.
You barely miss the acid dragon.
The acid dragon is heavily wounded.
The wyvern bites you!
* * * LOW HITPOINT WARNING * * *
The acid dragon spits acid at you. The splash of acid hits you!
You die...

... ....
#############.....
#.........<......#
#........$.####...
#....D.....#
#..)..♣....#
#.....l........
#.$........####
#.............
#####.....<....
#........##
#........#
#........#


You could see a wyvern and an acid dragon (catching breath).

Vanquished Creatures
  Pikel (D:6)
  A vampire (D:5)
  A shadow (D:6)
  A wraith (Ossuary)
  A steam dragon (D:6)
  Edmund (D:6)
  2 water moccasins (D:6)
  2 sky beasts (D:6)
  A black bear (D:4)
  3 ogres
  2 ice beasts
  2 centaurs
  4 lemures
  A phantom (D:4)
  2 elf zombies (Ossuary)
  A kobold brigand (D:6)
  2 bullfrogs
  3 scorpions
  3 wights (D:5)
  3 howler monkeys
  A jelly (D:5)
  5 hounds
  An orc priest (D:4)
  2 gnoll boudas
  Terence (D:2)
  4 iguanas
  A sleepcap (D:5)
  7 orc wizards
  3 mummies (Ossuary)
  4 adders
  14 gnolls
  2 white imps
  2 worms
  2 dart slugs
  18 orcs
  8 ball pythons
  9 endoplasms
  5 giant cockroaches
  A gnoll zombie (Ossuary)
  11 goblins
  12 hobgoblins
  13 kobolds
  7 quokkas
  2 bats
  A frilled lizard (D:2)
  3 goblin zombies (Ossuary)
  A hobgoblin zombie (Ossuary)
  4 kobold zombies (Ossuary)
  An orc zombie (Ossuary)
  7 rats
189 creatures vanquished.

Notes
Turn   | Place    | Note
-------+----------+-------------------------------------------
     0 | D:1      | MacCMillion the Troll Shapeshifter began the quest for the
                  | Orb.
     0 | D:1      | Reached XP level 1. HP: 19/19 MP: 0/0
    72 | D:1      | Reached XP level 2. HP: 23/28 MP: 1/1
   260 | D:1      | Reached skill level 3 in Unarmed Combat
   555 | D:1      | Reached XP level 3. HP: 32/35 MP: 2/2
   794 | D:2      | Reached skill level 4 in Unarmed Combat
   810 | D:2      | Noticed Terence
   817 | D:2      | Killed Terence
   818 | D:2      | Reached XP level 4. HP: 29/42 MP: 3/3
   853 | D:2      | Found Sock's Weapon Emporium.
  1125 | D:2      | Reached skill level 5 in Unarmed Combat
  1374 | D:2      | Reached XP level 5. HP: 49/49 MP: 4/4
  1594 | D:3      | Found a sacrificial altar of Ru.
  1595 | D:3      | Found an ornate altar of the Wu Jian Council.
  1596 | D:3      | Found a burning altar of Makhleb.
  2185 | D:4      | Noticed a black bear
  2193 | D:4      | Killed a black bear
  2194 | D:4      | Reached skill level 6 in Unarmed Combat
  2194 | D:4      | Reached XP level 6. HP: 56/57 MP: 5/5
  2237 | D:4      | Found a sand-covered staircase.
  2245 | Ossuary  | Entered an ossuary
  2245 | Ossuary  | Noticed a wraith
  2245 | Ossuary  | Noticed a wraith
  2245 | Ossuary  | Noticed a wraith
  2307 | Ossuary  | Reached skill level 7 in Unarmed Combat
  2582 | Ossuary  | Noticed a wraith
  2589 | Ossuary  | Killed a wraith
  2590 | Ossuary  | Reached XP level 7. HP: 56/63 MP: 6/6
  2756 | D:4      | Reached skill level 8 in Unarmed Combat
  2940 | D:4      | You fall into a shaft and drop 1 floor!
  2940 | D:5      | Entered Level 5 of the Dungeon
  3028 | D:4      | Found Epoadopu's Gadget Gallery.
  3035 | D:4      | Reached skill level 9 in Unarmed Combat
  3537 | D:4      | Reached XP level 8. HP: 62/71 MP: 7/7
  3756 | D:5      | Reached skill level 10 in Unarmed Combat
  4164 | D:5      | Found a staircase to the Ecumenical Temple.
  4208 | Temple   | Entered the Ecumenical Temple
  4510 | Temple   | Became a worshipper of Warmaster Okawaru
  4895 | D:6      | Noticed Edmund
  4904 | D:6      | Killed Edmund
  4904 | D:6      | Reached * piety under Okawaru
  4924 | D:6      | Reached XP level 9. HP: 82/84 MP: 8/8
  5163 | D:6      | Noticed Pikel
  5285 | D:6      | Killed Pikel
  5286 | D:6      | Reached skill level 5 in Shapeshifting
  5404 | D:6      | Reached skill level 5 in Fighting
  5515 | D:6      | Found a glowing silver altar of Zin.
  5515 | D:6      | Found a glowing golden altar of the Shining One.
  5515 | D:6      | Found a white marble altar of Elyvilon.
  5580 | D:6      | Reached ** piety under Okawaru
  5926 | D:7      | Reached XP level 10. HP: 93/98 MP: 10/10
  6364 | D:8      | HP: 1/147 [wyvern (9)]
  6364 | D:8      | Killed from afar by an acid dragon

Illustrated notes

Levels and vault maps discovered:
D:1:      minmay_arrival_hallway, layout_basic
D:2:      minmay_door_path, layout_basic, serial_shops, shop,
          minmay_misc_feat_room, uniq_terence
D:3:      layout_basic, chequers_temple_overflow_statue_of_worship
D:4:      layout_gridville, nicolae_ossuary_entry_plus, nicolae_shop_gadgets
D:5:      layout_basic, minmay_temple_entry_wispy, palyth_stone_intersect,
          minmay_manual_mail
D:6:      layout_gridville, dreamdust_divine_triumvirate, minmay_fountain_box,
          uniq_pikel, uniq_edmund
D:7:      layout_rooms
D:8:      layout_basic, erik_lair_island, serial_shops, shop
Temple:   minmay_temple_bridge_d

Skill      XL: |  1  2  3  4  5  6  7  8  9 |
---------------+----------------------------+-----
Unarmed Combat | 3 4 5 6 7 9 10 | 10.1
Fighting       | 3 6 |  6.2
Shapeshifting  | 4 6 |  6.8
Invocations    | 2 |  2.0
Dodging        | |  1.6

Action                     |  1- 3 |  4- 6 |  7- 9 | 10-12 || total
---------------------------+-------+-------+-------+-------++-------
  Melee: Unarmed           |    73 |   120 |   216 |    31 ||   440
         Punch             |       |     5 |     6 |     2 ||    13
  Throw: Dart              |       |       |     3 |       ||     3
    Use: Potion            |       |       |       |     1 ||     1
   Stab: Sleeping          |       |     2 |       |       ||     2
 Armour: Animal skin       |    26 |    32 |    34 |     4 ||    96
         Skin              |       |       |       |     4 ||     4
  Dodge: Dodged            |    29 |    45 |    72 |     6 ||   152

Table legend: (Time is in decaauts)
 A = Elapsed time spent in this place.
 B = Non-inter-level travel time spent in this place.
 C = Inter-level travel time spent in this place.
 D = Time resting spent in this place.
 E = Time spent auto-exploring this place.
 F = Levels seen in this place.
 G = Mean time per level.
                   A        B        C        D        E       F      G
               +--------+--------+--------+--------+--------+-----+--------+
         Total |   6313 |   6030 |    283 |    675 |   3981 |  10 |  631.3 |
       Dungeon |   5460 |   5323 |    137 |    633 |   3552 |   8 |  682.5 |
        Temple |    374 |    228 |    146 |      0 |    214 |   1 |  374.0 |
       Ossuary |    478 |    478 |      0 |     42 |    215 |   1 |  478.0 |
               +--------+--------+--------+--------+--------+-----+--------+

Top non-repeatable levels by time:
     D:5: 1013 daAuts
     D:4: 956 daAuts
     D:6: 801 daAuts
     D:1: 724 daAuts
     D:2: 722 daAuts
     D:3: 711 daAuts
     D:7: 519 daAuts
 Ossuary: 478 daAuts
  Temple: 374 daAuts
     D:8: 12 daAuts
